 Dungeon Crawl Stone Soup version 0.21-a0-529-g8c7b3f5 (webtiles) character file.

63 slep the Chopper (level 4, 0/34 HPs)
             Began as a Barachi Gladiator on Dec 11, 2017.
             Slain by a gnoll (4 damage)
             ... on level 2 of the Dungeon.
             The game lasted 00:02:41 (1326 turns).

slep the Chopper (Barachi Gladiator)                Turns: 1326, Time: 00:02:42

Health: 0/34       AC:  4    Str: 16    XL:     4   Next: 9%
Magic:  4/4        EV: 13    Int:  8    God:
Gold:   97         SH:  0    Dex: 14    Spells: 3/3 levels left

rFire    . . .     SeeInvis .   a - +0 war axe
rCold    . . .     Gourm    .   (no shield)
rNeg     . . .     Faith    .   b - +0 leather armour
rPois    .         Spirit   .   c - +0 helmet
rElec    .         Reflect  .   (no cloak)
rCorr    .         Harm     .   (no gloves)
MR       .....                  (no boots)
Stlth    +.........             (no amulet)
HPRegen  0.11/turn              (no ring)
MPRegen  0.09/turn              (no ring)

@: slow
A: +LOS, swims, slowness 1, strong legs 1
a: Hop


You were on level 2 of the Dungeon.
You were not hungry.

You visited 1 branch of the dungeon, and saw 2 of its levels.

You collected 97 gold pieces.

Inventory:

Hand Weapons
 a - a +0 war axe (weapon)
Missiles
 d - 3 throwing nets (quivered)
Armour
 b - a +0 leather armour (worn)
 c - a +0 helmet (worn)
Scrolls
 e - a scroll of teleportation {unknown}
 k - 4 scrolls of remove curse {unknown}
 n - a scroll of magic mapping {unknown}
Potions
 g - a potion of heal wounds {unknown}
 j - a potion of magic {unknown}
 l - a potion of brilliance {unknown}
 m - a potion of might {unknown}
 o - a potion of flight {unknown}
Comestibles
 f - 3 bread rations
 h - 2 meat rations
 i - a royal jelly


   Skills:
 + Level 2.8 Fighting
 + Level 4.5 Axes
 + Level 2.0 Throwing
 + Level 1.2 Armour
 + Level 3.7 Dodging
 + Level 0.2 Stealth


You had 3 spell levels left.
You didn't know any spells.

Dungeon Overview and Level Annotations

Branches:
Dungeon (2/15)

Altars:
Ashenzari
Cheibriados
Elyvilon
Fedhas
Zin


Innate Abilities, Weirdness & Mutations

Shadows flee at your approach. (+LOS)
You can swim through water.
You cover ground slowly.
You can hop short distances.


Message History

You hit the gnoll but do no damage.
The gnoll is lightly wounded.
The gnoll hits you but does no damage. x2
You barely miss the gnoll.
The gnoll is lightly wounded.
The gnoll closely misses you.
You barely miss the gnoll.
The gnoll is lightly wounded.
The gnoll hits you.
* * * LOW HITPOINT WARNING * * *
You hit the gnoll.
The gnoll is heavily wounded.
The gnoll hits you.
* * * LOW HITPOINT WARNING * * *
You hit the gnoll.
The gnoll is heavily wounded.
The gnoll hits you.
* * * LOW HITPOINT WARNING * * *
The gnoll hits you.
You die...

# gg #+## #. ##...##
#.### ##.....## #.#.##
##.......##
.####....####.........#
.......g@...'.........+
..###....####........)#
#.#.## ##<......# # ###
##.....##
######...#####
#............# #
#.#####......#
#.##.##.###........#
#...........#......#


You could see a gnoll.

Vanquished Creatures
  A gnoll (D:2)
  2 adders (D:2)
  A worm (D:2)
  A dart slug (D:2)
  A leopard gecko (D:1)
  3 bats
  A giant cockroach (D:1)
  3 goblins (D:1)
  5 hobgoblins
  4 jackals (D:1)
  A kobold (D:2)
  2 quokkas (D:2)
  A frilled lizard (D:2)
26 creatures vanquished.

Notes
Turn   | Place    | Note
-------+----------+-------------------------------------------
     0 | D:1      | slep the Barachi Gladiator began the quest for the Orb.
     0 | D:1      | Reached XP level 1. HP: 17/17 MP: 1/1
   193 | D:1      | Reached XP level 2. HP: 18/23 MP: 2/2
   588 | D:1      | Reached skill level 4 in Axes
   702 | D:2      | Reached XP level 3. HP: 2/28 MP: 3/3
   708 | D:2      | HP: 1/28 [poisoned by an adder]
  1081 | D:2      | Found a glowing silver altar of Zin.
  1083 | D:2      | Found a snail-covered altar of Cheibriados.
  1083 | D:2      | Found a blossoming altar of Fedhas.
  1084 | D:2      | Found a white marble altar of Elyvilon.
  1086 | D:2      | Found a shattered altar of Ashenzari.
  1206 | D:2      | Reached skill level 1 in Armour
  1290 | D:2      | Reached XP level 4. HP: 16/34 MP: 4/4
  1326 | D:2      | Slain by a gnoll

Vault maps used:
D:1:      matt_arrival_spirals
D:2:      grunt_temple_overflow_open

Skill      XL: |  1  2  3 |
---------------+----------+-----
Axes           | 4 |  4.5
Armour         | 1 |  1.2
Fighting       | |  2.8
Throwing       | |  2.0
Dodging        | |  3.7
Stealth        | |  0.2

Action                   |  1- 3 |  4- 6 || total
-------------------------+-------+-------++-------
Melee: War axe           |    84 |    17 ||   101
 Stab: Sleeping          |     1 |       ||     1
  Eat: Chunk             |     2 |       ||     2
Armor: Leather armour    |    20 |     5 ||    25
Dodge: Dodged            |    70 |    10 ||    80

Table legend:
 A = Spawn XP
 B = Non-spawn XP
 C = Spawn XP percentage of total XP
 D = Spawn monster count
 E = Non-spawn monster count
 F = Spawn count percentage of total count
 G = Total turns spent on level
                    A         B        C        D         E        F      G
               +---------+---------+-------+---------+---------+-------+---------
         Total |       0 |      90 |   0.0 |       0 |      26 |   0.0 |  1326
               +---------+---------+-------+---------+---------+-------+---------
           D:1 |       0 |      26 |   0.0 |       0 |      13 |   0.0 |   634
           D:2 |       0 |      64 |   0.0 |       0 |      13 |   0.0 |   692
               +---------+---------+-------+---------+---------+-------+---------
